Canadiens vs Jets

Created - Sunday, March 06, 2016 at 03:58

Goals
1 2 3 T
Canadiens 0 1 4 5
Jets 0 2 2 4
Shots
1 2 3 T
Canadiens 6 3 15 24
Jets 8 11 12 31

1st period

No Goal

Penalties :
Ryan Callahan (Mon) for Hooking (Minor) at 0:54

2nd period

1. Jets , John Tavares 54 (Brad Stuart, Oliver Ekman-Larsson) at 1:08
2. Jets , Wayne Simmonds 23 (Claude Giroux, Ryan Getzlaf) at 2:45 (PP)
3. Canadiens , Mathieu Perreault 35 (Mike Ribeiro) at 14:35

Penalties :
Jaromir Jagr (Mon) for Roughing (Double Minor) at 1:52, Mike Ribeiro (Mon) for Tripping (Minor) at 6:14, Mathieu Perreault (Mon) for Holding (Minor) at 10:12, Justin Abdelkader (Mon) for Holding (Minor) at 15:43, Dennis Seidenberg (Mon) for Hooking (Minor) at 16:53

3rd period

4. Jets , Oliver Ekman-Larsson 15 (Claude Giroux, Ryan Getzlaf) at 2:41 (PP)
5. Jets , Ryan Getzlaf 33 (Wayne Simmonds, Erik Johnson) at 9:10 (PP)
6. Canadiens , Ryan Callahan 38 (Mathieu Perreault, Alex Goligoski) at 15:11
7. Canadiens , Mathieu Perreault 36 (Ryan Callahan, Mike Ribeiro) at 15:40
8. Canadiens , Joe Thornton 23 (Alex Goligoski, Radim Vrbata) at 16:32 (PP)
9. Canadiens , Ryan Callahan 39 (Mike Ribeiro, Francois Beauchemin) at 19:46

Penalties :
Mike Ribeiro (Mon) for Holding (Minor) at 1:34, Ben Lovejoy (Mon) for Tripping (Minor) at 5:24, Justin Abdelkader (Mon) for Roughing (Minor) at 8:45, Alex Ovechkin (Wpg) for Holding Stick (Minor) at 11:35, Erik Johnson (Wpg) for Tripping (Minor) at 15:54

Goalie Stats

Pekka Rinne (Mon), 27 saves from 31 shots - (0.871), W, 35-13-8, 60:00 minutes
Jonathan Quick (Wpg), 19 saves from 24 shots - (0.792), L, 27-27-3, 60:00 minutes

Players Stats for Canadiens

Player Name              G  A  P  +/- PIM S  H  SB GA TA FO     MP     PP MP  PK MP  
------------------------------------------------------------------------------------
Alex Goligoski           0  2  2   2  0   2  2  4  0  0  0/0    25:42   2:00   8:12 
Ben Lovejoy              0  0  0   0  2   1  2  2  1  2  0/0    21:26   0:37   6:16 
Braydon Coburn           0  0  0   1  0   0  1  3  0  1  0/0    21:49   0:00   8:12 
Brian Boyle              0  0  0   0  0   1  2  1  1  1  6/10   21:17   0:00   9:09 
Dennis Seidenberg        0  0  0   2  2   2  1  2  0  0  0/0    21:06   0:00   5:55 
Francois Beauchemin      0  1  1   1  0   2  0  1  1  2  0/0    16:20   2:00   2:22 
Gregory Campbell         0  0  0   0  0   0  0  0  0  1  4/5     8:56   0:00   3:55 
Jaromir Jagr             0  0  0   0  4   0  0  1  3  0  0/0    13:49   0:00   1:57 
Joe Thornton             1  0  1  -1  0   4  0  0  3  0  6/9    20:08   1:48   3:47 
Jordie Benn              0  0  0   0  0   0  3  1  0  0  0/0    13:43   0:37   0:00 
Justin Abdelkader        0  0  0  -1  4   2  2  0  0  0  1/1    13:52   1:48   0:11 
Kevin Bieksa             0  0  0   0  0   0  0  0  0  0  0/0     0:00   0:00   0:00 
Mathieu Perreault        2  1  3   4  2   2  1  0  1  0  1/2    16:23   0:49   0:54 
Maxim Lapierre           0  0  0   0  0   1  0  0  0  0  5/15   15:12   0:00  10:16 
Mike Ribeiro             0  3  3   4  4   0  0  0  0  0  4/6    15:07   0:49   0:00 
Patrick Eaves            0  0  0   0  0   2  1  0  0  0  0/1    10:01   0:00   0:00 
Radim Vrbata             0  1  1  -1  0   2  0  0  0  0  0/0    13:43   1:48   0:00 
Ryan Callahan            2  1  3   4  2   3  1  0  1  0  0/0    14:59   0:49   0:00 

Players Stats for Jets

Player Name              G  A  P  +/- PIM S  H  SB GA TA FO     MP     PP MP  PK MP  
------------------------------------------------------------------------------------
Alex Ovechkin            0  0  0  -2  2   7  3  0  3  0  2/4    23:24   7:16   0:00 
Blake Wheeler            0  0  0  -2  0   0  0  0  1  1  0/0    10:23   0:00   0:00 
Brad Stuart              0  1  1   0  0   0  2  4  1  0  0/0    14:20   0:00   0:48 
Claude Giroux            0  2  2  -1  0   3  1  1  5  0  5/11   19:36   6:50   0:11 
Erik Johnson             0  1  1  -2  2   2  0  1  0  2  0/0    25:44   9:01   0:00 
Filip Forsberg           0  0  0   0  0   0  1  0  3  0  0/0     9:02   0:00   0:11 
Jake Muzzin              0  0  0  -1  0   1  0  1  0  0  0/0    21:52   6:28   1:49 
Jarret Stoll             0  0  0   0  0   1  2  0  0  0  0/0     8:11   0:27   0:00 
John Carlson             0  0  0  -2  0   2  1  1  0  0  0/0    25:37   9:01   1:49 
John Tavares             1  0  1   0  0   5  2  0  3  0  9/16   20:37   8:12   0:00 
Jussi Jokinen            0  0  0   0  0   0  0  0  0  1  0/0    19:56   7:17   2:26 
Marc Staal               0  0  0  -1  0   0  1  0  0  2  0/0    11:46   0:00   0:48 
Oliver Ekman-Larsson     1  1  2   0  0   2  1  1  0  0  0/0    20:40   6:28   0:00 
Patrick Kane             0  0  0  -1  0   0  0  0  0  0  0/0    11:55   0:00   0:00 
Patrik Elias             0  0  0   0  0   0  0  0  0  0  1/6    14:08   0:45   2:26 
Ryan Getzlaf             1  2  3  -2  0   6  1  0  3  0  4/9    19:19   7:50   0:00 
Victor Hedman            0  0  0   0  0   0  0  0  0  0  0/0     0:00   0:00   0:00 
Wayne Simmonds           1  1  2  -1  0   2  0  0  1  0  1/3    20:51   7:50   0:00 

3 Stars

1 - Ryan Callahan (Mon)
2 - Mathieu Perreault (Mon)
3 - Alex Goligoski (Mon)

Power Play

Canadiens - 1 on 2 Attempt(s) - 50.00%
Jets - 3 on 10 Attempt(s) - 30.00%

Penalty Kill

Canadiens - 7 on 10 Attempt(s) - 70.00% - Score 0 goal in Penalty Kill
Jets - 1 on 2 Attempt(s) - 50.00% - Score 0 goal in Penalty Kill

Team Stat

Canadiens - Hits : 16 - Faceoff Wins : 27 - Blocked Shots : 15 - Penalty Minutes : 20
Jets - Hits : 15 - Faceoff Wins : 22 - Blocked Shots : 9 - Penalty Minutes : 4

Official

Referees : Unknown
Linesman : Unknown

Game Notes

16:32 of 3rd period - Canadiens goal is going for a video replay. After video review, Goal.

Finance

Level 1 -- Attendance: 6000 (100.00%) -- Ticket Income $510,000
Level 2 -- Attendance: 4869 (97.38%) -- Ticket Income $267,795
Level 3 -- Attendance: 1941 (97.05%) -- Ticket Income $58,230
Level 4 -- Attendance: 2864 (71.60%) -- Ticket Income $57,280
Luxury Box -- Attendance: 1000 (100.00%) -- Ticket Income $160,000
Game was played at the MTS Center.
Total Attendance: 16674 (92.63%)
Total Ticket Income: $1,053,305
Other Income: $516,119
Total Income: $1,569,424

Canadiens

5 vs 5 Forward 
   Center                   Left Wing                Right Wing               Time % Phy DF OF 
 1 Joe Thornton             Justin Abdelkader        Radim Vrbata             31     1   1  3  
 2 Mike Ribeiro             Mathieu Perreault        Ryan Callahan            31     1   1  3  
 3 Brian Boyle              Patrick Eaves            Jaromir Jagr             27     1   1  3  
 4 Maxim Lapierre           Gregory Campbell         Joe Thornton             11     1   3  1  

5 vs 5 Defense 
   Defense                  Defense                                           Time % Phy DF OF 
 1 Alex Goligoski           Dennis Seidenberg                                 40     1   2  2  
 2 Francois Beauchemin      Braydon Coburn                                    34     1   2  2  
 3 Jordie Benn              Ben Lovejoy                                       26     1   3  1  
 4 Francois Beauchemin      Dennis Seidenberg                                 0      1   2  2  

PowerPlay Forward 
   Center                   Left Wing                Right Wing               Time % Phy DF OF 
 1 Joe Thornton             Justin Abdelkader        Radim Vrbata             55     1   1  3  
 2 Mike Ribeiro             Mathieu Perreault        Ryan Callahan            45     1   1  3  

PowerPlay Defense
   Defense                  Defense                                           Time % Phy DF OF 
 1 Alex Goligoski           Francois Beauchemin                               60     1   1  3  
 2 Ben Lovejoy              Jordie Benn                                       40     1   2  2  

Penalty Kill 4 Players Forward 
   Center                   Wing                     Time % Phy DF OF 
 1 Maxim Lapierre           Brian Boyle              60     1   3  1  
 2 Gregory Campbell         Joe Thornton             40     1   3  1  

Penalty Kill 4 Players Defense
   Defense                  Defense                  Time % Phy DF OF 
 1 Braydon Coburn           Alex Goligoski           60     1   3  1  
 2 Ben Lovejoy              Dennis Seidenberg        40     1   3  1  

Penalty Kill - 3 Players Forward 
   Forward                                           Time % Phy DF OF 
 1 Brian Boyle                                       60     1   3  1  
 2 Maxim Lapierre                                    40     1   3  1  

Penalty Kill - 3 Players Defense
   Defense                  Defense                  Time % Phy DF OF 
 1 Braydon Coburn           Alex Goligoski           60     1   3  1  
 2 Ben Lovejoy              Dennis Seidenberg        40     1   3  1  

4 vs 4 Forward 
   Center                   Wing                     Time % Phy DF OF 
 1 Mike Ribeiro             Justin Abdelkader        60     1   2  2  
 2 Mathieu Perreault        Ryan Callahan            40     1   2  2  

4 vs 4 Defense
   Defense                  Defense                  Time % Phy DF OF 
 1 Alex Goligoski           Dennis Seidenberg        60     1   2  2  
 2 Braydon Coburn           Francois Beauchemin      40     1   2  2  

Last Minutes Offensive
   Center                   Left Wing                Right Wing               Defense                  Defense                  
   Joe Thornton             Justin Abdelkader        Radim Vrbata             Alex Goligoski           Francois Beauchemin      

Last Minutes Defensive
   Center                   Left Wing                Right Wing               Defense                  Defense                  
   Maxim Lapierre           Brian Boyle              Gregory Campbell         Alex Goligoski           Braydon Coburn           

Goaltenders
Starting : Pekka Rinne              
Backup : Curtis McElhinney        

Extra Forwards
Normal : Jaromir Jagr, Mathieu Perreault, Joe Thornton - PP : Jaromir Jagr, Mike Ribeiro - PK : Jaromir Jagr
Extra Defensemen
Normal : Francois Beauchemin, Braydon Coburn, Alex Goligoski - PP : Dennis Seidenberg - PK : Francois Beauchemin, Alex Goligoski
Penalty Shots
Radim Vrbata, Maxim Lapierre, Justin Abdelkader, Mike Ribeiro, Joe Thornton

Jets

5 vs 5 Forward 
   Center                   Left Wing                Right Wing               Time % Phy DF OF 
 1 Ryan Getzlaf             Alex Ovechkin            Blake Wheeler            31     0   2  3  
 2 John Tavares             Patrick Kane             Wayne Simmonds           28     0   2  3  
 3 Claude Giroux            Patrik Elias             Jussi Jokinen            24     1   2  2  
 4 Alex Ovechkin            Jarret Stoll             Filip Forsberg           17     1   2  2  

5 vs 5 Defense 
   Defense                  Defense                                           Time % Phy DF OF 
 1 John Carlson             Erik Johnson                                      35     1   2  2  
 2 Oliver Ekman-Larsson     Brad Stuart                                       30     1   2  2  
 3 Jake Muzzin              Marc Staal                                        22     1   2  2  
 4 Jake Muzzin              Erik Johnson                                      13     1   2  2  

PowerPlay Forward 
   Center                   Left Wing                Right Wing               Time % Phy DF OF 
 1 John Tavares             Alex Ovechkin            Jussi Jokinen            60     1   2  2  
 2 Claude Giroux            Ryan Getzlaf             Wayne Simmonds           40     1   2  2  

PowerPlay Defense
   Defense                  Defense                                           Time % Phy DF OF 
 1 John Carlson             Erik Johnson                                      60     1   2  2  
 2 Oliver Ekman-Larsson     Jake Muzzin                                       40     1   2  2  

Penalty Kill 4 Players Forward 
   Center                   Wing                     Time % Phy DF OF 
 1 Patrik Elias             Jussi Jokinen            60     1   2  2  
 2 Claude Giroux            Blake Wheeler            40     1   2  2  

Penalty Kill 4 Players Defense
   Defense                  Defense                  Time % Phy DF OF 
 1 John Carlson             Jake Muzzin              60     1   2  2  
 2 Marc Staal               Brad Stuart              40     1   2  2  

Penalty Kill - 3 Players Forward 
   Forward                                           Time % Phy DF OF 
 1 Claude Giroux                                     60     1   2  2  
 2 Patrik Elias                                      40     1   2  2  

Penalty Kill - 3 Players Defense
   Defense                  Defense                  Time % Phy DF OF 
 1 John Carlson             Erik Johnson             60     1   2  2  
 2 Marc Staal               Brad Stuart              40     1   2  2  

4 vs 4 Forward 
   Center                   Wing                     Time % Phy DF OF 
 1 Ryan Getzlaf             Alex Ovechkin            60     1   2  2  
 2 Claude Giroux            Blake Wheeler            40     1   2  2  

4 vs 4 Defense
   Defense                  Defense                  Time % Phy DF OF 
 1 John Carlson             Erik Johnson             60     1   2  2  
 2 Oliver Ekman-Larsson     Jake Muzzin              40     1   2  2  

Last Minutes Offensive
   Center                   Left Wing                Right Wing               Defense                  Defense                  
   Ryan Getzlaf             Alex Ovechkin            Blake Wheeler            John Carlson             Erik Johnson             

Last Minutes Defensive
   Center                   Left Wing                Right Wing               Defense                  Defense                  
   Ryan Getzlaf             Alex Ovechkin            Blake Wheeler            John Carlson             Erik Johnson             

Goaltenders
Starting : Jonathan Quick           
Backup : Jake Allen               

Extra Forwards
Normal : John Tavares, Patrik Elias, Jussi Jokinen - PP : John Tavares, Patrik Elias - PK : Jussi Jokinen
Extra Defensemen
Normal : Jake Muzzin, Marc Staal, Oliver Ekman-Larsson - PP : Jake Muzzin - PK : Marc Staal, Oliver Ekman-Larsson
Penalty Shots
Alex Ovechkin, Ryan Getzlaf, Claude Giroux, Blake Wheeler, Jussi Jokinen

% Time on Ice - Canadiens

Lines # - Real PCT - Wanted PCT - Time Play
Normal Forward
1 - 32% - 31% - 13:15
2 - 34% - 31% - 14:08
3 - 24% - 27% - 10:01
4 - 10% - 11% - 4:17
Normal Defense
1 - 37% - 40% - 15:17
2 - 31% - 34% - 12:57
3 - 29% - 26% - 12:14
4 - 3% - 0% - 1:13
PP Forward
1 - 69% - 55% - 1:48
2 - 31% - 45% - 0:49
PP Defense
1 - 76% - 60% - 2:00
2 - 24% - 40% - 0:37
PK Forward
1 - 74% - 60% - 10:53
2 - 26% - 40% - 3:47
PK Defense
1 - 52% - 60% - 7:34
2 - 48% - 40% - 7:06
PK3 Forward
1 - 100% - 60% - 0:49
2 - 0% - 40% - 0:00
PK3 Defense
1 - 78% - 60% - 0:38
2 - 22% - 40% - 0:11
44 Forward
1 - 0% - 60%
2 - 0% - 40%
44 Defense
1 - 0% - 60%
2 - 0% - 40%
Last Minute Offensive  - 0:00
Last Minute Defensive  - 0:13
Total
Forward - 60:00
Defense - 60:00

% Time on Ice - Jets

Lines # - Real PCT - Wanted PCT - Time Play
Normal Forward
1 - 26% - 31% - 11:02
2 - 31% - 28% - 13:01
3 - 24% - 24% - 9:56
4 - 18% - 17% - 7:42
Normal Defense
1 - 35% - 35% - 14:34
2 - 34% - 30% - 14:13
3 - 26% - 22% - 10:57
4 - 5% - 13% - 1:57
PP Forward
1 - 49% - 60% - 7:39
2 - 51% - 40% - 7:50
PP Defense
1 - 58% - 60% - 9:01
2 - 42% - 40% - 6:28
PK Forward
1 - 100% - 60% - 2:37
2 - 0% - 40% - 0:00
PK Defense
1 - 69% - 60% - 1:49
2 - 31% - 40% - 0:48
PK3 Forward
1 - 0% - 60%
2 - 0% - 40%
PK3 Defense
1 - 0% - 60%
2 - 0% - 40%
44 Forward
1 - 0% - 60%
2 - 0% - 40%
44 Defense
1 - 0% - 60%
2 - 0% - 40%
Last Minute Offensive  - 0:13
Last Minute Defensive  - 0:00
Total
Forward - 60:00
Defense - 60:00

Play by Play

1st period


0:01 of 1st period - Joe Thornton wins face-off versus Ryan Getzlaf in neutral zone.
0:54 of 1st period - Minor Penalty to Ryan Callahan for Hooking.
0:55 of 1st period - John Tavares wins face-off versus Maxim Lapierre in Canadiens zone.
1:02 of 1st period - Slapshot by Alex Ovechkin.
1:02 of 1st period - Shot Misses the Net.
1:07 of 1st period - Slapshot by Oliver Ekman-Larsson.
1:07 of 1st period - Shot Misses the Net.
1:09 of 1st period - Slapshot by Jake Muzzin.
1:09 of 1st period - Shot Misses the Net.
1:11 of 1st period - Slapshot by Jake Muzzin.
1:11 of 1st period - Stopped by Pekka Rinne with a rebound.
1:13 of 1st period - Slapshot by Oliver Ekman-Larsson.
1:13 of 1st period - Stopped by Pekka Rinne with a rebound.
1:37 of 1st period - Snap shot by Wayne Simmonds.
1:37 of 1st period - Stopped by Pekka Rinne without a rebound.
1:38 of 1st period - Gregory Campbell wins face-off versus Wayne Simmonds in Canadiens zone.
2:44 of 1st period - Brian Boyle is hit by Claude Giroux and loses puck.
2:54 of 1st period - Penalty to Ryan Callahan is over, Ryan Callahan is back on ice.
3:16 of 1st period - Jake Muzzin is hit by Braydon Coburn and loses puck.
4:31 of 1st period - Wrist shot by Radim Vrbata.
4:31 of 1st period - Deflect By Justin Abdelkader.
4:31 of 1st period - Stopped by Jonathan Quick without a rebound.
4:32 of 1st period - Joe Thornton wins face-off versus John Tavares in Jets zone.
4:42 of 1st period - Icing by Wayne Simmonds.
4:43 of 1st period - John Tavares wins face-off versus Brian Boyle in Jets zone.
5:11 of 1st period - Snap shot by Patrik Elias.
5:11 of 1st period - Deflect By Brian Boyle.
5:11 of 1st period - Shot Misses the Net.
5:11 of 1st period - Puck is out of play.
5:12 of 1st period - Gregory Campbell wins face-off versus Ryan Getzlaf in Canadiens zone.
5:42 of 1st period - Icing by Blake Wheeler.
5:43 of 1st period - Ryan Getzlaf wins face-off versus Patrick Eaves in Jets zone.
6:41 of 1st period - Slapshot by John Tavares.
6:41 of 1st period - Stopped by Pekka Rinne with a rebound.
6:52 of 1st period - Marc Staal is hit by Jordie Benn and loses puck.
7:33 of 1st period - Francois Beauchemin is hit by Brad Stuart and loses puck.
7:55 of 1st period - Snap shot by Alex Ovechkin.
7:55 of 1st period - Shot Misses the Net.
7:57 of 1st period - Snap shot by Marc Staal.
7:57 of 1st period - Shot Blocked by Braydon Coburn.
7:59 of 1st period - Slapshot by Ryan Getzlaf.
7:59 of 1st period - Stopped by Pekka Rinne without a rebound.
8:00 of 1st period - Maxim Lapierre wins face-off versus Ryan Getzlaf in Canadiens zone.
8:22 of 1st period - Jussi Jokinen is hit by Patrick Eaves and loses puck.
8:31 of 1st period - Snap shot by Jaromir Jagr.
8:31 of 1st period - Shot Misses the Net.
8:33 of 1st period - Slapshot by Dennis Seidenberg.
8:33 of 1st period - Stopped by Jonathan Quick with a rebound.
8:35 of 1st period - Slapshot by Alex Goligoski.
8:35 of 1st period - Deflect By Patrik Elias.
8:35 of 1st period - Stopped by Jonathan Quick with a rebound.
8:37 of 1st period - Slapshot by Alex Goligoski.
8:37 of 1st period - Shot Blocked by Jake Muzzin.
8:39 of 1st period - Backhand shot by Dennis Seidenberg.
8:39 of 1st period - Shot Blocked by Claude Giroux.
8:41 of 1st period - Slapshot by Dennis Seidenberg.
8:41 of 1st period - Stopped by Jonathan Quick with a rebound.
8:49 of 1st period - Wrist shot by Brian Boyle.
8:49 of 1st period - Stopped by Jonathan Quick with a rebound.
10:03 of 1st period - Wrist shot by Jaromir Jagr.
10:03 of 1st period - Shot Blocked by John Carlson.
10:05 of 1st period - Slapshot by Francois Beauchemin.
10:05 of 1st period - Shot Misses the Net.
10:07 of 1st period - Snap shot by Brian Boyle.
10:07 of 1st period - Shot Hit the Post.
10:27 of 1st period - Slapshot by Maxim Lapierre.
10:27 of 1st period - Deflect By Joe Thornton.
10:27 of 1st period - Shot Misses the Net.
10:27 of 1st period - Puck is out of play.
10:28 of 1st period - Claude Giroux wins face-off versus Gregory Campbell in Jets zone.
10:39 of 1st period - Backhand shot by Claude Giroux.
10:39 of 1st period - Stopped by Pekka Rinne with a rebound.
11:16 of 1st period - Ryan Getzlaf is hit by Ryan Callahan and loses puck.
11:29 of 1st period - Dennis Seidenberg is hit by Brad Stuart.
13:18 of 1st period - Slapshot by Justin Abdelkader.
13:18 of 1st period - Shot Misses the Net.
13:20 of 1st period - Slapshot by Ben Lovejoy.
13:20 of 1st period - Deflect By Mathieu Perreault.
13:20 of 1st period - Shot Blocked by Erik Johnson.
13:20 of 1st period - Puck is out of play.
13:21 of 1st period - Mathieu Perreault wins face-off versus John Tavares in Jets zone.
13:28 of 1st period - Slapshot by Radim Vrbata.
13:28 of 1st period - Shot Blocked by Brad Stuart.
13:30 of 1st period - Slapshot by Ben Lovejoy.
13:30 of 1st period - Stopped by Jonathan Quick without a rebound.
13:31 of 1st period - Maxim Lapierre wins face-off versus John Tavares in Jets zone.
13:34 of 1st period - Slapshot by Francois Beauchemin.
13:34 of 1st period - Shot Misses the Net.
13:47 of 1st period - Snap shot by Joe Thornton.
13:47 of 1st period - Shot Blocked by Brad Stuart.
14:03 of 1st period - Snap shot by Alex Ovechkin.
14:03 of 1st period - Shot Blocked by Francois Beauchemin.
14:05 of 1st period - Snap shot by Blake Wheeler.
14:05 of 1st period - Shot Misses the Net.
14:31 of 1st period - Slapshot by John Tavares.
14:31 of 1st period - Stopped by Pekka Rinne with a rebound.
14:55 of 1st period - Snap shot by Alex Ovechkin.
14:55 of 1st period - Shot Blocked by Dennis Seidenberg.
14:57 of 1st period - Wrist shot by Ryan Getzlaf.
14:57 of 1st period - Stopped by Pekka Rinne with a rebound.
14:59 of 1st period - Slapshot by Blake Wheeler.
14:59 of 1st period - Shot Misses the Net.
15:05 of 1st period - Wrist shot by Ryan Getzlaf.
15:05 of 1st period - Shot Blocked by Alex Goligoski.
18:15 of 1st period - Wrist shot by Gregory Campbell.
18:15 of 1st period - Shot Blocked by Oliver Ekman-Larsson.
18:17 of 1st period - Snap shot by Maxim Lapierre.
18:17 of 1st period - Shot Blocked by Brad Stuart.
18:31 of 1st period - Brad Stuart is hit by Brian Boyle and loses puck.
19:18 of 1st period - Slapshot by Claude Giroux.
19:18 of 1st period - Shot Blocked by Alex Goligoski.
19:20 of 1st period - Snap shot by Patrik Elias.
19:20 of 1st period - Shot Misses the Net.
19:38 of 1st period - Jordie Benn is hit by Jarret Stoll and loses puck.
Goals for this period are 0 for Canadiens vs 0 for Jets.
Shots for this period are 6 for Canadiens vs 8 for Jets.

2nd period


0:01 of 2nd period - Ryan Getzlaf wins face-off versus Joe Thornton in neutral zone.
0:08 of 2nd period - Snap shot by Ryan Getzlaf.
0:08 of 2nd period - Stopped by Pekka Rinne with a rebound.
0:12 of 2nd period - Snap shot by Blake Wheeler.
0:12 of 2nd period - Shot Misses the Net.
0:14 of 2nd period - Wrist shot by Erik Johnson.
0:14 of 2nd period - Stopped by Pekka Rinne with a rebound.
0:24 of 2nd period - Snap shot by Alex Ovechkin.
0:24 of 2nd period - Stopped by Pekka Rinne with a rebound.
0:47 of 2nd period - Braydon Coburn is hit by John Tavares and loses puck.
0:58 of 2nd period - Slapshot by John Tavares.
0:58 of 2nd period - Shot Blocked by Braydon Coburn.
1:00 of 2nd period - Snap shot by Wayne Simmonds.
1:00 of 2nd period - Shot Misses the Net.
1:02 of 2nd period - Slapshot by Oliver Ekman-Larsson.
1:02 of 2nd period - Shot Misses the Net.
1:04 of 2nd period - Wrist shot by John Tavares.
1:04 of 2nd period - Stopped by Pekka Rinne with a rebound.
1:06 of 2nd period - Backhand shot by Brad Stuart.
1:06 of 2nd period - Shot Misses the Net.
1:08 of 2nd period - Wrist shot by John Tavares.
1:08 of 2nd period - Goal by John Tavares - Canadiens : 0 - Jets : 1.
1:09 of 2nd period - Brian Boyle wins face-off versus Claude Giroux in neutral zone.
1:52 of 2nd period - Double Minor Penalty to Jaromir Jagr for Roughing.
1:53 of 2nd period - Brian Boyle wins face-off versus Alex Ovechkin in Canadiens zone.
2:16 of 2nd period - Snap shot by Alex Ovechkin.
2:16 of 2nd period - Stopped by Pekka Rinne with a rebound.
2:20 of 2nd period - Wrist shot by John Tavares.
2:20 of 2nd period - Shot Misses the Net.
2:22 of 2nd period - Snap shot by Alex Ovechkin.
2:22 of 2nd period - Shot Blocked by Brian Boyle.
2:35 of 2nd period - Off-side.
2:36 of 2nd period - Claude Giroux wins face-off versus Maxim Lapierre in neutral zone.
2:45 of 2nd period - Wrist shot by Wayne Simmonds.
2:45 of 2nd period - Goal by Wayne Simmonds - Canadiens : 0 - Jets : 2.
2:46 of 2nd period - John Tavares wins face-off versus Maxim Lapierre in neutral zone.
3:37 of 2nd period - Slapshot by Wayne Simmonds.
3:37 of 2nd period - Deflect By Joe Thornton.
3:37 of 2nd period - Shot Blocked by Alex Goligoski.
3:37 of 2nd period - Puck is out of play.
3:38 of 2nd period - Gregory Campbell wins face-off versus Claude Giroux in Canadiens zone.
3:51 of 2nd period - Slapshot by Maxim Lapierre.
3:51 of 2nd period - Stopped by Jonathan Quick without a rebound.
3:52 of 2nd period - Maxim Lapierre wins face-off versus John Tavares in Jets zone.
4:45 of 2nd period - Penalty to Jaromir Jagr is over, Jaromir Jagr is back on ice.
5:16 of 2nd period - Off-side.
5:17 of 2nd period - Joe Thornton wins face-off versus Alex Ovechkin in neutral zone.
5:20 of 2nd period - Wrist shot by Radim Vrbata.
5:20 of 2nd period - Shot Hit the Post.
5:26 of 2nd period - Braydon Coburn is hit by Filip Forsberg and loses puck.
5:51 of 2nd period - Snap shot by Justin Abdelkader.
5:51 of 2nd period - Stopped by Jonathan Quick with a rebound.
6:14 of 2nd period - Minor Penalty to Mike Ribeiro for Tripping.
6:15 of 2nd period - John Tavares wins face-off versus Maxim Lapierre in Canadiens zone.
6:27 of 2nd period - Slapshot by Alex Ovechkin.
6:27 of 2nd period - Stopped by Pekka Rinne without a rebound.
6:28 of 2nd period - John Tavares wins face-off versus Maxim Lapierre in Canadiens zone.
7:01 of 2nd period - Slapshot by Claude Giroux.
7:01 of 2nd period - Stopped by Pekka Rinne without a rebound.
7:02 of 2nd period - Gregory Campbell wins face-off versus Wayne Simmonds in Canadiens zone.
7:29 of 2nd period - Slapshot by Wayne Simmonds.
7:29 of 2nd period - Shot Blocked by Dennis Seidenberg.
7:47 of 2nd period - Ben Lovejoy is hit by Alex Ovechkin.
8:14 of 2nd period - Penalty to Mike Ribeiro is over, Mike Ribeiro is back on ice.
8:43 of 2nd period - Braydon Coburn is hit by Alex Ovechkin and loses puck.
8:58 of 2nd period - Brad Stuart is hit by Alex Goligoski and loses puck.
9:57 of 2nd period - Wrist shot by Patrick Eaves.
9:57 of 2nd period - Shot Misses the Net.
9:59 of 2nd period - Snap shot by Brian Boyle.
9:59 of 2nd period - Shot Blocked by Brad Stuart.
10:12 of 2nd period - Minor Penalty to Mathieu Perreault for Holding.
10:13 of 2nd period - John Tavares wins face-off versus Maxim Lapierre in Canadiens zone.
10:18 of 2nd period - Snap shot by Alex Ovechkin.
10:18 of 2nd period - Shot Blocked by Alex Goligoski.
11:02 of 2nd period - Ryan Getzlaf is hit by Alex Goligoski and loses puck.
12:12 of 2nd period - Penalty to Mathieu Perreault is over, Mathieu Perreault is back on ice.
13:04 of 2nd period - Blake Wheeler is hit by Mathieu Perreault and loses puck.
13:35 of 2nd period - John Carlson is hit by Jordie Benn and loses puck.
13:44 of 2nd period - Snap shot by Patrick Kane.
13:44 of 2nd period - Shot Blocked by Ben Lovejoy.
14:12 of 2nd period - Patrick Eaves is hit by Jarret Stoll and loses puck.
14:35 of 2nd period - Wrist shot by Mathieu Perreault.
14:35 of 2nd period - Goal by Mathieu Perreault - Canadiens : 1 - Jets : 2.
14:36 of 2nd period - Mike Ribeiro wins face-off versus Patrik Elias in neutral zone.
15:24 of 2nd period - Slapshot by John Tavares.
15:24 of 2nd period - Stopped by Pekka Rinne with a rebound.
15:36 of 2nd period - Marc Staal is hit by Justin Abdelkader.
15:43 of 2nd period - Minor Penalty to Justin Abdelkader for Holding.
15:44 of 2nd period - Wayne Simmonds wins face-off versus Maxim Lapierre in Canadiens zone.
16:53 of 2nd period - Minor Penalty to Dennis Seidenberg for Hooking.
16:54 of 2nd period - John Tavares wins face-off versus Brian Boyle in Canadiens zone.
17:23 of 2nd period - Claude Giroux is hit by Brian Boyle and loses puck.
17:43 of 2nd period - Penalty to Justin Abdelkader is over, Justin Abdelkader is back on ice.
18:00 of 2nd period - Gregory Campbell is hit by Alex Ovechkin.
18:34 of 2nd period - Joe Thornton is hit by Oliver Ekman-Larsson and loses puck.
18:53 of 2nd period - Penalty to Dennis Seidenberg is over, Dennis Seidenberg is back on ice.
18:55 of 2nd period - Slapshot by Ryan Getzlaf.
18:55 of 2nd period - Stopped by Pekka Rinne with a rebound.
18:57 of 2nd period - Wrist shot by Claude Giroux.
18:57 of 2nd period - Deflect By Ben Lovejoy.
18:57 of 2nd period - Shot Hit the Post.
18:57 of 2nd period - Puck is out of play.
18:58 of 2nd period - Mike Ribeiro wins face-off versus Claude Giroux in Canadiens zone.
19:09 of 2nd period - Dennis Seidenberg is hit by John Carlson and loses puck.
Goals for this period are 1 for Canadiens vs 2 for Jets.
Shots for this period are 3 for Canadiens vs 11 for Jets.

3rd period


0:01 of 3rd period - Ryan Getzlaf wins face-off versus Brian Boyle in neutral zone.
0:14 of 3rd period - Slapshot by Alex Ovechkin.
0:14 of 3rd period - Shot Misses the Net.
1:34 of 3rd period - Minor Penalty to Mike Ribeiro for Holding.
1:35 of 3rd period - John Tavares wins face-off versus Maxim Lapierre in Canadiens zone.
1:40 of 3rd period - Slapshot by Alex Ovechkin.
1:40 of 3rd period - Shot Blocked by Braydon Coburn.
1:42 of 3rd period - Slapshot by John Carlson.
1:42 of 3rd period - Stopped by Pekka Rinne without a rebound.
1:43 of 3rd period - Maxim Lapierre wins face-off versus John Tavares in Canadiens zone.
2:18 of 3rd period - John Carlson is hit by Dennis Seidenberg and loses puck.
2:39 of 3rd period - Slapshot by Claude Giroux.
2:39 of 3rd period - Shot Misses the Net.
2:41 of 3rd period - Slapshot by Oliver Ekman-Larsson.
2:41 of 3rd period - Goal by Oliver Ekman-Larsson - Canadiens : 1 - Jets : 3.
2:42 of 3rd period - Justin Abdelkader wins face-off versus Claude Giroux in neutral zone.
2:45 of 3rd period - Oliver Ekman-Larsson is hit by Justin Abdelkader and loses puck.
3:41 of 3rd period - Brad Stuart is hit by Ben Lovejoy and loses puck.
3:52 of 3rd period - Wrist shot by Mathieu Perreault.
3:52 of 3rd period - Deflect By Oliver Ekman-Larsson.
3:52 of 3rd period - Shot Misses the Net.
3:52 of 3rd period - Puck is out of play.
3:53 of 3rd period - Brian Boyle wins face-off versus John Tavares in Jets zone.
4:08 of 3rd period - Slapshot by Patrick Eaves.
4:08 of 3rd period - Stopped by Jonathan Quick with a rebound.
5:09 of 3rd period - Wrist shot by Alex Ovechkin.
5:09 of 3rd period - Stopped by Pekka Rinne with a rebound.
5:24 of 3rd period - Minor Penalty to Ben Lovejoy for Tripping.
5:25 of 3rd period - Claude Giroux wins face-off versus Maxim Lapierre in Canadiens zone.
5:25 of 3rd period - Wrist shot by Ryan Getzlaf.
5:25 of 3rd period - Shot Misses the Net.
7:24 of 3rd period - Penalty to Ben Lovejoy is over, Ben Lovejoy is back on ice.
7:36 of 3rd period - Icing by Braydon Coburn.
7:37 of 3rd period - Alex Ovechkin wins face-off versus Mike Ribeiro in Canadiens zone.
7:53 of 3rd period - Snap shot by Jarret Stoll.
7:53 of 3rd period - Stopped by Pekka Rinne without a rebound.
7:54 of 3rd period - Mike Ribeiro wins face-off versus Claude Giroux in Canadiens zone.
7:54 of 3rd period - Mike Ribeiro is hit by Marc Staal.
8:00 of 3rd period - Marc Staal is hit by Jordie Benn and loses puck.
8:45 of 3rd period - Minor Penalty to Justin Abdelkader for Roughing.
8:46 of 3rd period - Claude Giroux wins face-off versus Maxim Lapierre in Canadiens zone.
9:04 of 3rd period - Slapshot by Claude Giroux.
9:04 of 3rd period - Stopped by Pekka Rinne with a rebound.
9:06 of 3rd period - Slapshot by Erik Johnson.
9:06 of 3rd period - Stopped by Pekka Rinne with a rebound.
9:08 of 3rd period - Wrist shot by Wayne Simmonds.
9:08 of 3rd period - Shot Misses the Net.
9:10 of 3rd period - Snap shot by Ryan Getzlaf.
9:10 of 3rd period - Goal by Ryan Getzlaf - Canadiens : 1 - Jets : 4.
9:11 of 3rd period - Alex Ovechkin wins face-off versus Joe Thornton in neutral zone.
9:30 of 3rd period - Slapshot by Ryan Getzlaf.
9:30 of 3rd period - Stopped by Pekka Rinne with a rebound.
10:01 of 3rd period - Snap shot by Ryan Callahan.
10:01 of 3rd period - Stopped by Jonathan Quick without a rebound.
10:02 of 3rd period - Claude Giroux wins face-off versus Mike Ribeiro in Jets zone.
10:33 of 3rd period - Wrist shot by Ryan Callahan.
10:33 of 3rd period - Shot Misses the Net.
10:35 of 3rd period - Slapshot by Francois Beauchemin.
10:35 of 3rd period - Stopped by Jonathan Quick without a rebound.
10:36 of 3rd period - John Tavares wins face-off versus Brian Boyle in Jets zone.
11:35 of 3rd period - Minor Penalty to Alex Ovechkin for Holding Stick.
11:36 of 3rd period - Joe Thornton wins face-off versus Patrik Elias in Jets zone.
11:43 of 3rd period - Snap shot by Radim Vrbata.
11:43 of 3rd period - Stopped by Jonathan Quick with a rebound.
11:45 of 3rd period - Slapshot by Justin Abdelkader.
11:45 of 3rd period - Shot Misses the Net.
11:47 of 3rd period - Snap shot by Joe Thornton.
11:47 of 3rd period - Stopped by Jonathan Quick with a rebound.
11:49 of 3rd period - Slapshot by Alex Goligoski.
11:49 of 3rd period - Deflect By Joe Thornton.
11:49 of 3rd period - Stopped by Jonathan Quick without a rebound.
11:50 of 3rd period - Joe Thornton wins face-off versus Patrik Elias in Jets zone.
11:53 of 3rd period - Snap shot by Joe Thornton.
11:53 of 3rd period - Shot Misses the Net.
11:55 of 3rd period - Snap shot by Joe Thornton.
11:55 of 3rd period - Stopped by Jonathan Quick without a rebound.
11:56 of 3rd period - Joe Thornton wins face-off versus Patrik Elias in Jets zone.
12:46 of 3rd period - Icing by Alex Goligoski.
12:47 of 3rd period - Mike Ribeiro wins face-off versus Patrik Elias in Canadiens zone.
13:35 of 3rd period - Penalty to Alex Ovechkin is over, Alex Ovechkin is back on ice.
13:52 of 3rd period - Wrist shot by Alex Ovechkin.
13:52 of 3rd period - Stopped by Pekka Rinne with a rebound.
13:54 of 3rd period - Wrist shot by Filip Forsberg.
13:54 of 3rd period - Shot Blocked by Ben Lovejoy.
14:26 of 3rd period - Snap shot by John Tavares.
14:26 of 3rd period - Deflect By Patrick Kane.
14:26 of 3rd period - Shot Blocked by Jordie Benn.
14:26 of 3rd period - Puck is out of play.
14:27 of 3rd period - Brian Boyle wins face-off versus John Tavares in Canadiens zone.
15:09 of 3rd period - Snap shot by Mathieu Perreault.
15:09 of 3rd period - Shot Misses the Net.
15:11 of 3rd period - Wrist shot by Ryan Callahan.
15:11 of 3rd period - Goal by Ryan Callahan - Canadiens : 2 - Jets : 4.
15:12 of 3rd period - Ryan Getzlaf wins face-off versus Mathieu Perreault in neutral zone.
15:15 of 3rd period - Ryan Callahan is hit by Ryan Getzlaf and loses puck.
15:40 of 3rd period - Wrist shot by Mathieu Perreault.
15:40 of 3rd period - Goal by Mathieu Perreault - Canadiens : 3 - Jets : 4.
15:41 of 3rd period - Brian Boyle wins face-off versus Claude Giroux in neutral zone.
15:52 of 3rd period - Wrist shot by Patrick Eaves.
15:52 of 3rd period - Stopped by Jonathan Quick with a rebound.
15:54 of 3rd period - Minor Penalty to Erik Johnson for Tripping.
15:55 of 3rd period - Patrik Elias wins face-off versus Joe Thornton in Jets zone.
16:28 of 3rd period - Wrist shot by Radim Vrbata.
16:28 of 3rd period - Stopped by Jonathan Quick with a rebound.
16:30 of 3rd period - Slapshot by Alex Goligoski.
16:30 of 3rd period - Stopped by Jonathan Quick with a rebound.
16:32 of 3rd period - Snap shot by Joe Thornton.
16:32 of 3rd period - Canadiens goal is going for a video replay.
16:32 of 3rd period - The goal is good.
16:32 of 3rd period - Goal by Joe Thornton - Canadiens : 4 - Jets : 4.
16:33 of 3rd period - Brian Boyle wins face-off versus Ryan Getzlaf in neutral zone.
16:50 of 3rd period - Snap shot by Ryan Getzlaf.
16:50 of 3rd period - Shot Blocked by Jaromir Jagr.
17:02 of 3rd period - Snap shot by Alex Ovechkin.
17:02 of 3rd period - Stopped by Pekka Rinne with a rebound.
17:04 of 3rd period - Slapshot by John Carlson.
17:04 of 3rd period - Deflect By Alex Goligoski.
17:04 of 3rd period - Stopped by Pekka Rinne with a rebound.
17:10 of 3rd period - Wrist shot by Alex Ovechkin.
17:10 of 3rd period - Stopped by Pekka Rinne with a rebound.
17:31 of 3rd period - Ben Lovejoy is hit by John Tavares and loses puck.
18:26 of 3rd period - Jussi Jokinen is hit by Ben Lovejoy and loses puck.
19:40 of 3rd period - Snap shot by Ryan Callahan.
19:40 of 3rd period - Shot Misses the Net.
19:42 of 3rd period - Slapshot by Francois Beauchemin.
19:42 of 3rd period - Stopped by Jonathan Quick with a rebound.
19:44 of 3rd period - Snap shot by Mike Ribeiro.
19:44 of 3rd period - Shot Misses the Net.
19:46 of 3rd period - Wrist shot by Ryan Callahan.
19:46 of 3rd period - Goal by Ryan Callahan - Canadiens : 5 - Jets : 4.
19:47 of 3rd period - Maxim Lapierre wins face-off versus Ryan Getzlaf in neutral zone.
Goals for this period are 4 for Canadiens vs 2 for Jets.
Shots for this period are 15 for Canadiens vs 12 for Jets.